 Dungeon Crawl Stone Soup version 0.32-a0-411-g744942f433 (webtiles) character file.

Game seed: 2344553353655036839

297 shadowstone the Sneak (level 6, -8/46 HPs)
             Began as a Coglin Brigand on Feb 20, 2024.
             Mangled by an ice beast (14 damage)
             ... on level 4 of the Dungeon.
             The game lasted 00:08:45 (3275 turns).

shadowstone the Sneak (Coglin Brigand)              Turns: 3275, Time: 00:08:47

Health: -8/46      AC:  7    Str: 11    XL:     6   Next: 35%
Magic:  6/6        EV: 11    Int: 11    God:
Gold:   185        SH:  0    Dex: 23    Spells: 5/5 levels left

rFire   . . .        a - +2 dagger {Urai}
rCold   . . .        n - +2 spear (vamp) {Malena}
rNeg    . . .        f - +0 ring mail
rPois   .            k - +0 helmet
rElec   .            c - +0 cloak
rCorr   .            (no gloves)
SInv    .            (no boots)
Will    .....        h - amulet of faith
Stlth   ++           x - +6 ring of dexterity
HPRegen 0.27/turn    (no ring)
MPRegen 0.10/turn

%: faith
@: immotile, revved
A: off-hand wielding, slow wielding, warmup strikes, legs shutdown
a: no special abilities


You were on level 4 of the Dungeon.
You visited 1 branch of the dungeon, and saw 4 of its levels.

You collected 185 gold pieces.

Inventory:

Hand Weapons
 a - a +2 dagger (weapon) {Urai}
 n - a +2 vampiric spear (offhand) {Malena}
 s - a +0 scythe
Missiles
 d - 11 poisoned darts (quivered)
 e - 3 curare-tipped darts
 u - 6 darts of dispersal
Armour
 b - a +0 robe
 c - a +0 cloak (worn)
 f - a +0 ring mail (worn)
 k - a +0 helmet (worn)
Jewellery
 h - an amulet of faith (around neck)
 m - an amulet of magic regeneration
 o - an amulet of faith
 x - a +6 ring of dexterity (left grasper)
Scrolls
 g - a scroll of vulnerability {unknown}
 i - a scroll of fear {unknown}
 l - a scroll of noise {unknown}
 q - 2 scrolls of teleportation {unknown}
 r - a scroll of poison {unknown}
 v - a scroll of silence {unknown}
Potions
 j - a potion of magic {unknown}
 p - 2 potions of degeneration {unknown}
 t - a potion of ambrosia {unknown}
 w - 2 potions of curing {unknown}


   Skills:
 + Level 2.6 Fighting
 + Level 3.4 Short Blades
 + Level 0.4 Polearms
 + Level 2.7 Throwing
 + Level 1.6 Armour
 + Level 1.9 Dodging
 + Level 4.2 Stealth


You had 5 spell levels left.
You didn't know any spells.
Your spell library was empty.

Dungeon Overview and Level Annotations

Branches:
Dungeon (4/15)
 Temple: D:4-7

Altars:
Makhleb
Zin


Innate Abilities, Weirdness & Mutations

You can wield a second weapon in your off-hand.
It takes a long time for you to wield or remove held weapons.
Your first few attacks do less damage.
Attacking and casting redirects power from your legs.


Message History

You hit the ice beast but do no damage.
The ice beast is severely wounded.
You barely miss the ice beast with your +2 dagger.
The ice beast hits you but does no damage.
You hit the ice beast but do no damage.
The ice beast is severely wounded.
You hit the ice beast with your +2 dagger.
The ice beast completely misses you.
You closely miss the ice beast with your +2 vampiric spear.
The ice beast is severely wounded.
You hit the ice beast with your +2 dagger.
The ice beast hits you but does no damage.
You closely miss the ice beast with your +2 vampiric spear.
The ice beast is severely wounded.
You closely miss the ice beast with your +2 dagger.
The ice beast barely misses you.
You hit the ice beast with your +2 dagger.
The ice beast is severely wounded.
You hit the ice beast with your +2 vampiric spear.
The ice beast closely misses you.
You closely miss the ice beast with your +2 vampiric spear.
The ice beast is almost dead.
You closely miss the ice beast with your +2 dagger.
The ice beast hits you. The ice beast freezes you!
* * * LOW HITPOINT WARNING * * *
You hit the ice beast but do no damage.
The ice beast is almost dead.
You completely miss the ice beast with your +2 dagger.
The ice beast hits you but does no damage.
You closely miss the ice beast with your +2 vampiric spear.
The ice beast is almost dead.
You hit the ice beast with your +2 dagger.
The ice beast hits you but does no damage.
You closely miss the ice beast with your +2 dagger.
The ice beast is almost dead.
You closely miss the ice beast with your +2 vampiric spear.
The ice beast hits you.
* * * LOW HITPOINT WARNING * * *
The ice beast freezes you!
You die...

#.# #.# ##.###
#.... . ###...#
##.#
##.....###....#
#.........>#
#...Y@.<...#
#.........##
##.#...#### #
#.>.# #...#
#####


You could see an ice beast.

Vanquished Creatures
  Sigmund (D:2)
  2 adders
  A dart slug (D:2)
  2 ribbon worms
  An orc (D:3)
  6 ball pythons
  8 endoplasms
  3 giant cockroaches
  8 goblins
  6 hobgoblins
  2 jackals (D:1)
  2 kobolds (D:1)
  5 quokkas
  3 bats
  4 frilled lizards
  7 rats
61 creatures vanquished.

Notes
Turn   | Place    | Note
-------+----------+-------------------------------------------
     0 | D:1      | shadowstone the Coglin Brigand began the quest for the Orb.
     0 | D:1      | Reached XP level 1. HP: 16/16 MP: 1/1
   232 | D:1      | Reached XP level 2. HP: 16/22 MP: 2/2
  1477 | D:1      | Reached XP level 3. HP: 25/27 MP: 3/3
  1561 | D:1      | Reached skill level 1 in Dodging
  2169 | D:2      | Reached XP level 4. HP: 33/33 MP: 4/4
  2215 | D:2      | Noticed Sigmund
  2237 | D:2      | Killed Sigmund
  2238 | D:2      | Reached skill level 1 in Armour
  2238 | D:2      | Reached skill level 4 in Stealth
  2238 | D:2      | Reached XP level 5. HP: 32/39 MP: 5/5
  2314 | D:2      | Reached XP level 6. HP: 46/46 MP: 6/6
  3142 | D:3      | Found a burning altar of Makhleb.
  3199 | D:3      | Found a faded altar of an unknown god.
  3204 | D:3      | Found a glowing silver altar of Zin.
  3252 | D:4      | Noticed an ice beast
  3275 | D:4      | Mangled by an ice beast

Illustrated notes

Levels and vault maps discovered:
D:1:      shiori_arrival_maze, layout_loops_corners, nicolae_figureground_pulse
D:2:      cheibrodos_greedy_goblins, layout_loops_ring,
          kennysheep_generic_room_8, uniq_sigmund
D:3:      layout_rooms, nicolae_overflow_ecumenical_swirl, led_sif_book,
          old_standard_altar
D:4:      layout_loops_ring, tso_metal_star, lemuel_crystal_altar

Skill      XL: |  1  2  3  4 |
---------------+-------------+-----
Throwing       | 2 |  2.7
Short Blades   | 2 3 |  3.4
Dodging        | 1 |  1.9
Armour         | 1 |  1.6
Stealth        | 4 |  4.2
Fighting       | |  2.6
Polearms       | |  0.4

Action                     |  1- 3 |  4- 6 || total
---------------------------+-------+-------++-------
  Melee: Dagger            |   102 |    94 ||   196
         Spear             |       |    71 ||    71
  Throw: Dart              |    16 |       ||    16
   Stab: Sleeping          |     4 |     2 ||     6
 Armour: Robe              |     8 |       ||     8
         Ring mail         |    49 |    59 ||   108
  Dodge: Dodged            |    51 |    39 ||    90

Table legend: (Time is in decaauts)
 A = Elapsed time spent in this place.
 B = Non-inter-level travel time spent in this place.
 C = Inter-level travel time spent in this place.
 D = Time resting spent in this place.
 E = Time spent auto-exploring this place.
 F = Levels seen in this place.
 G = Mean time per level.
                   A        B        C        D        E       F      G
               +--------+--------+--------+--------+--------+-----+--------+
         Total |   3253 |   3217 |     36 |    842 |   1193 |   4 |  813.2 |
       Dungeon |   3253 |   3217 |     36 |    842 |   1193 |   4 |  813.2 |
               +--------+--------+--------+--------+--------+-----+--------+

Top non-repeatable levels by time:
     D:1: 1843 daAuts
     D:2: 1038 daAuts
     D:3: 351 daAuts
     D:4: 20 daAuts
